 Dungeon Crawl Stone Soup version 0.25-a0-460-g4f2eb97ec1 (webtiles) character file.

Game seed: 3902503610539745550, levelgen mode: deterministic

21 ChaosChampion the Sneak (level 2, -3/13 HPs)
             Began as a Spriggan Enchanter on Feb 3, 2020.
             Hit by a boomerang thrown by an orc (7 damage)
             ... on level 2 of the Dungeon.
             The game lasted 00:02:33 (1091 turns).

ChaosChampion the Sneak (Spriggan Enchanter)        Turns: 1091, Time: 00:02:34

Health: -3/13      AC:  2    Str:  4    XL:     2   Next: 62%
Magic:  4/6        EV: 18    Int: 16    God:
Gold:   45         SH:  0    Dex: 16    Spells: 3/6 levels left

rFire    . . .     SeeInvis +   a - +1 dagger
rCold    . . .     Gourm    .   (shield restricted)
rNeg     . . .     Faith    .   b - +0 robe
rPois    .         Spirit   .   (helmet restricted)
rElec    .         Reflect  .   (no cloak)
rCorr    .         Harm     .   (gloves unavailable)
MR       .....                  (boots unavailable)
Stlth    +++.......             (no amulet)
HPRegen  0.04/turn              (no ring)
MPRegen  0.10/turn              (no ring)

@: very quick
A: very small, unfitting armour, see invisible, herbivore, speed 3, slow
metabolism 2
a: no special abilities


You were on level 2 of the Dungeon.
You were not hungry.

You visited 1 branch of the dungeon, and saw 2 of its levels.

You collected 45 gold pieces.

Inventory:

Hand Weapons
 a - a +1 dagger (weapon)
Armour
 b - a +0 robe (worn)
Scrolls
 c - 2 scrolls of identify
 e - a scroll of remove curse {unknown}
 g - a scroll of fear {unknown}
 i - a scroll of enchant weapon {unknown}
Potions
 f - 2 potions of heal wounds {unknown}
 j - a potion of degeneration {unknown}
Comestibles
 d - 5 rations


   Skills:
 + Level 1.2 Short Blades
 + Level 3.2 Dodging
 + Level 4.7 Stealth
 + Level 2.9 Spellcasting
 + Level 4.3 Hexes


You had 3 spell levels left.
You knew the following spells:

 Your Spells              Type           Power        Failure   Level  Hunger
a - Corona                Hex            ###....      3%          1    #......
b - Ensorcelled Hibernat  Hex/Ice        #.....       12%         2    ##.....

Your spell library contained the following spells:

 Spells                   Type           Power        Failure   Level  Hunger
 Confusing Touch          Hex            ###.....     10%         3    ###....
 Tukima's Dance           Hex            ###.....     10%         3    ###....
 Dazzling Flash           Conj/Hex       #.....       24%         3    ###....


Dungeon Overview and Level Annotations

Branches:
Dungeon (2/15)

Altars:


Innate Abilities, Weirdness & Mutations

You are very small and have problems with some larger weapons.
You are too small for most types of armour.
You have supernaturally acute eyesight. (SInv)
You are a herbivore.
You cover ground extremely quickly.
You need to consume almost no food.


Message History

Confirm with . or Enter, or press ? or * to list all spells.
Aiming: Ensorcelled Hibernation (safe; 12% risk of failure)
Press: ? - help, Shift-Dir - straight line, f/p - orc
Aim: an orc, wielding a -3 club (heavily wounded, chance to defeat MR: 58%)
The orc resists with significant effort.
You hit the orc but do no damage.
The orc is heavily wounded.
The orc hits you with a cursed -3 club!
Ouch! That really hurt!
* * * LOW HITPOINT WARNING * * *
You closely miss the orc.
The orc is heavily wounded.
You see here a leather armour.
You see here a cursed -3 dagger.
Your magical contamination has completely faded away.
You start resting.
The orc is too close now for your liking.
The orc throws a boomerang.
The boomerang hits you!
Ouch! That really hurt!
You die...

#.# #.# #.# #.# ##.## #.#
##.###...#######.###
.............o.....####
#.(####...##.#.##.#.....
#..#####.###.#.##.######
#............#.##.######
#.##..@.....#.##.).....
#.##....#...o..........
#.###.#...#.#.#######.# #.#
#.###.#.#.# #.# #.# #.#
#.#.#.# #.#
#####.###.###.#.# #######.#
#.........†.†...# #........
#<###.............#o#######
#.................####.# #


You could see an orc.

Vanquished Creatures
  2 leopard geckos (D:1)
  2 giant cockroaches (D:1)
  A hobgoblin (D:2)
  3 jackals (D:1)
  2 kobolds (D:1)
  A bat (D:1)
  A frilled lizard (D:1)
  2 goblins (D:1)
  3 rats
17 creatures vanquished.

Notes
Turn   | Place    | Note
-------+----------+-------------------------------------------
     0 | D:1      | ChaosChampion the Spriggan Enchanter began the quest for
                  | the Orb.
     0 | D:1      | Reached XP level 1. HP: 9/9 MP: 5/5
   414 | D:1      | Reached XP level 2. HP: 6/13 MP: 4/6
   418 | D:1      | Learned a level 2 spell: Ensorcelled Hibernation
  1091 | D:2      | Hit by a boomerang thrown by an orc

Levels and vault maps discovered:
D:1:      wheals_arrival_shading, layout_loops_ring, hangedman_decor_push,
          roderic_lattice_a
D:2:      layout_loops_ring, makhleb_heckhound_becter, grunt_ministairs_4,
          supply_closet_lemuel, uniq_natasha

Skill      XL: |  1 |
---------------+----+-----
Hexes          | 4 |  4.3
Short Blades   | |  1.2
Dodging        | |  3.2
Stealth        | |  4.7
Spellcasting   | |  2.9

Action                   || total
-------------------------++-------
Melee: Dagger            ||    58
 Cast: Corona            ||     5
       Ensorcelled Hiber ||    13
  Use: Scroll            ||     1
 Stab: Sleeping          ||     8
Armor: Robe              ||     2
Dodge: Dodged            ||    39

Table legend:
 A = Non-vault XP
 B = Vault XP
 C = Vault XP percentage of total XP
 D = Non-vault monster count
 E = Vault monster count
 F = Vault count percentage of total count
                 A         B        C        D         E       F
            +---------+---------+-------+---------+---------+-------
      Total |      30 |       0 |   0.0 |      17 |       0 |   0.0
            +---------+---------+-------+---------+---------+-------
        D:1 |      27 |       0 |   0.0 |      15 |       0 |   0.0
        D:2 |       3 |       0 |   0.0 |       2 |       0 |   0.0
            +---------+---------+-------+---------+---------+-------
